 Dungeon Crawl Stone Soup version 0.28.0 (webtiles) character file.

Game seed: 15005043958164702535

28192 spicyDoesTourney the Cruncher (level 13, -8/72 HPs)
             Began as a Tengu Earth Elementalist on Feb 9, 2022.
             Was a High Priest of Kikubaaqudgha.
             Mangled by an entropy weaver simulacrum (10 damage)
             ... in an ice cave on Feb 10, 2022.
             The game lasted 01:43:08 (20179 turns).

spicyDoesTourney the Cruncher (TeEE)               Turns: 20179, Time: 01:43:09

Health: -8/72      AC:  8    Str: 11    XL:     13   Next: 37%
Magic:  16/24      EV: 24    Int: 20    God:    Kikubaaqudgha [*****.]
Gold:   178        SH:  0    Dex: 20    Spells: 7/26 levels left

rFire   . . .      SeeInvis .   a - +10 quarterstaff of Humaynn {pain, Str+3}
rCold   + + .      Faith    +   (shield currently unavailable)
rNeg    . . .      Spirit   .   j - +2 robe {rC+}
rPois   +          Reflect  .   (helmet restricted)
rElec   .          Harm     .   (no cloak)
rCorr   .          Rampage  .   (no gloves)
Will    .....                   (boots unavailable)
Stlth   +++.......              q - amulet of the Duchess {Faith *Slow rPois Int+4 Slay+2}
HPRegen 0.22/turn               C - ring of protection from cold
MPRegen 0.19/turn               T - +4 ring of protection

@: flying quickly and evasively, studying Fire Magic, quick
A: beak, talons 3, nimble flight
a: Renounce Religion, Receive Corpses, Torment


You were in an ice cave.
You worshipped Kikubaaqudgha.
Kikubaaqudgha was extremely pleased with you.
You visited 3 branches of the dungeon, and saw 17 of its levels.
You also visited: Sewer, Ossuary and Ice Cave.

You collected 1244 gold pieces.
You spent 1066 gold pieces at shops.


Innate Abilities, Weirdness & Mutations

You have a beak for a mouth.
You have claws for feet.
Your magical nature lets you fly swiftly and evasively.


   Skills:
 - Level 5.0 Fighting
 - Level 4.7 Short Blades
 - Level 14.2 Staves
 + Level 5.1 Crossbows
 - Level 0.7 Armour
 + Level 11.2 Dodging
 - Level 3.0 Stealth
 + Level 7.1 Spellcasting
 * Level 10.5 Necromancy
 - Level 0.7 Transmutations
 + Level 2.8 Ice Magic
 - Level 2.1 Earth Magic


You had 7 spell levels left.
You knew the following spells:

 Your Spells              Type           Power      Damage    Failure   Level
a - Dispel Undead         Necr           49%        3d18      1%          4
b - Animate Skeleton      Necr           98%        N/A       1%          1
c - Vampiric Draining     Necr           49%        2d9       1%          3
d - Animate Dead          Necr           24%        N/A       1%          4
e - Sandblast             Erth           30%        2d9       3%          1
f - Borgnjor's Vile Clut  Necr/Erth      16%        N/A       19%         5
z - Pain                  Necr           100%       1d9       1%          1

Your spell library contained the following spells:

 Spells                   Type           Power      Damage    Failure   Level
 Sublimation of Blood     Necr           49%        N/A       1%          2
 Agony                    Necr           49%        N/A       3%          5
 Excruciating Wounds      Necr           24%        N/A       3%          5
 Beastly Appendage        Tmut           20%        N/A       7%          1
 Passwall                 Tmut/Erth      10%        N/A       8%          2
 Wereblood                Tmut           10%        N/A       11%         2
 Anguish                  Hex/Necr       14%        N/A       11%         4
 Stone Arrow              Conj/Erth      22%        3d8       19%         3
 Spider Form              Tmut/Pois      8%         N/A       24%         3
 Portal Projectile        Hex/Tloc       14%        N/A       28%         3
 Petrify                  Tmut/Erth      12%        N/A       45%         4
 Simulacrum               Ice/Necr       16%        N/A       67%         6
 Blade Hands              Tmut           5%         N/A       88%         5
 Summon Hydra             Summ           3%         N/A       100%        7

Inventory:

Hand Weapons
 a - the +10 quarterstaff of Humaynn (weapon) {pain, Str+3}
   (You found it on level 4 of the Dungeon)

   In the hands of one skilled in necromantic magic, it inflicts extra damage on
   living creatures.
   Str:       It affects your strength (+3).
 b - the +7 hand crossbow of Causality {freeze, rElec rCorr Str+5}
   (You bought it in a shop on level 6 of the Dungeon)

   Any ammunition fired from it freezes those it strikes, dealing additional
   cold damage.
   It can also slow down cold-blooded creatures.
   Str:       It affects your strength (+5).
   rElec:     It insulates you from electricity.
   rCorr:     It protects you from acid and corrosion.
 f - a +4 dagger of draining
 l - a +0 scimitar of flaming
 w - the +7 falchion "Xiepughi" {vorpal, rN+ Will+ Stlth+}
   (You found it on level 8 of the Dungeon)

   It inflicts extra damage upon your enemies.
   rN:        It protects you from negative energy.
   Will:      It increases your willpower.
   Stlth:     It makes you more stealthy.
Missiles
 z - 9 poisoned darts
 G - 3 curare-tipped darts {=f}
 K - 16 bolts
 P - 6 datura-tipped darts
Armour
 j - a +2 robe of cold resistance (worn)
 u - the +1 ring mail of the Postmodern Songs {Str+5 Dex+3}
   (You found it on level 1 of the Lair of Beasts)

   Str:       It affects your strength (+5).
   Dex:       It affects your dexterity (+3).
 O - a +0 troll leather armour
 V - +0 steam dragon scales
 X - a +1 robe of positive energy
Jewellery
 p - an amulet of faith {!P}
 q - the amulet of the Duchess (around neck) {Faith *Slow rPois Int+4 Slay+2}
   (You found it on level 2 of the Dungeon)

   [amulet of faith]

   It allows you to gain divine favour quickly.
   Int:       It affects your intelligence (+4).
   Slay:      It affects your accuracy & damage with ranged weapons and melee
   (+2).
   rPois:     It protects you from poison.
   *Slow:     It may slow you when you take damage.
 C - a ring of protection from cold (left hand)
 E - a +4 ring of evasion
 S - the ring of Peace {*Slow rPois Will+ MP+9}
   (You found it on level 6 of the Dungeon)

   [ring of magical power]

   rPois:     It protects you from poison.
   MP:        It affects your magic capacity (+9).
   *Slow:     It may slow you when you take damage.
   Will:      It increases your willpower.
 T - a +4 ring of protection (right hand)
 Y - an amulet of regeneration
 Z - a ring of wizardry
Wands
 c - a wand of charming (5)
 e - a wand of iceblast (5)
 g - a wand of mindburst (8)
 k - a wand of paralysis (23)
 r - a wand of acid (8)
 v - a wand of flame (19)
Scrolls
 m - 12 scrolls of teleportation {@r2}
 n - 2 scrolls of immolation
 o - a scroll of enchant armour {unknown}
 t - 2 scrolls of blinking
 x - a scroll of acquirement {unknown}
 H - 3 scrolls of holy word {unknown}
 I - 5 scrolls of fog
 J - 3 scrolls of magic mapping
 Q - a scroll of silence {!r}
 R - 3 scrolls of fear {unknown}
 W - 2 scrolls of torment
Potions
 d - 5 potions of haste {@q3}
 h - 4 potions of might
 i - 3 potions of curing {@q1}
 s - a potion of berserk rage {!q}
 y - 4 potions of heal wounds {@q2}
 A - 4 potions of invisibility
 B - a potion of mutation
 D - a potion of cancellation
 F - a potion of magic
 L - 2 potions of brilliance
 M - 2 potions of attraction
 N - a potion of ambrosia
 U - 3 potions of lignification

Dungeon Overview and Level Annotations

Branches:
Dungeon (11/15)            Temple (1/1) D:6            Lair (5/6) D:11
  Swamp (0/4) Lair:4       Spider (0/4) Lair:4          Orc (0/2) D:10
  Sewer (visited)         Ossuary (visited)           IceCv (1/1)
  Slime: Lair:5-6

Altars:
Ashenzari
Cheibriados
Dithmenos
Elyvilon
Fedhas
Gozag
Hepliaklqana
Kikubaaqudgha
Makhleb
Nemelex Xobeh
Okawaru
Qazlal
Ru
Sif Muna
Trog
Uskayaw
Vehumet
Wu Jian
Xom
Yredelemnul
The Shining One
Beogh

Shops:
D:1 ?   D:5 ?*?   D:6 (

Annotations:
D:6 exclusion: downstairs
D:7 Dowan
D:8 Harold
D:10 exclusion: vampire
D:11 exclusion: cyclops IceCv exclusion: ice statue

# .# ########### ...
###.........# ....
##......@Z..(###
##....#
#......###.....###(...#
#.....## ###.........#
#....### ###....####
##.....## ######
##.....## # ####...###
####. ##....####
###...(
###.....#####.....#


You could see an entropy weaver simulacrum.


Message History

A searing pain shoots up your feathered arm!
a - the +10 quarterstaff of Humaynn (weapon)
{pain, Str+3} You completely miss the entropy weaver simulacrum.
Your kick misses the entropy weaver simulacrum.
The entropy weaver simulacrum is almost destroyed.
The entropy weaver simulacrum hits you.
The entropy weaver simulacrum freezes you!
You resist.
* * * LOW HITPOINT WARNING * * *
The entropy weaver simulacrum hits you!
* * * LOW HITPOINT WARNING * * *
The entropy weaver simulacrum freezes you.
You resist.
* * * LOW HITPOINT WARNING * * *
The entropy weaver simulacrum misses you. x2
You hit the entropy weaver simulacrum.
The entropy weaver simulacrum is almost destroyed.
The entropy weaver simulacrum hits you.
* * * LOW HITPOINT WARNING * * *
The entropy weaver simulacrum freezes you!
You resist.
* * * LOW HITPOINT WARNING * * *
The entropy weaver simulacrum completely misses you.
The entropy weaver simulacrum misses you.
The entropy weaver simulacrum hits you.
* * * LOW HITPOINT WARNING * * *
The entropy weaver simulacrum freezes you!
You resist.
You die...
Kikubaaqudgha rasps: "You have failed me!
Welcome... death!"

Skill      XL: |  1  2  3  4  5  6  7  8  9 10 11 12 13 |
---------------+----------------------------------------+-----
Short Blades   | 1 2 3 4 |  4.7
Dodging        | 3 4 5 7 8 9 10 11 | 11.2
Staves         | 3 5 8 11 13 14 | 14.2
Necromancy     | 2 3 4 5 7 9 10 | 10.5
Spellcasting   | 5 6 7 |  7.1
Fighting       | 3 4 5 |  5.0
Stealth        | 3 |  3.0
Crossbows      | 4 5 |  5.1
Ice Magic      | 1 2 |  2.8
Armour         | |  0.7
Transmutations | |  0.7
Earth Magic    | |  2.1

Action                   |  1- 3 |  4- 6 |  7- 9 | 10-12 | 13-15 || total
-------------------------+-------+-------+-------+-------+-------++-------
Melee: Dagger            |    17 |    40 |       |       |       ||    57
       Kick              |     1 |    15 |    48 |   110 |    21 ||   195
       Peck              |     1 |     6 |    31 |    61 |    15 ||   114
       Quarterstaff      |       |    48 |   172 |   342 |    55 ||   617
 Fire: Hand crossbow     |       |       |       |   118 |    96 ||   214
Throw: Stone             |       |    30 |    69 |       |       ||    99
       Dart              |       |       |    19 |       |       ||    19
 Cast: Sandblast         |    17 |    20 |    39 |     3 |       ||    79
       Pain              |       |       |    11 |   102 |    14 ||   127
       Animate Skeleton  |       |       |     2 |    10 |       ||    12
       Animate Dead      |       |       |       |     6 |       ||     6
       Dispel Undead     |       |       |       |     6 |       ||     6
       Vampiric Draining |       |       |       |     4 |       ||     4
       Borgnjor's Vile C |       |       |       |       |     2 ||     2
Invok: Receive Corpses   |       |       |       |     3 |       ||     3
Evoke: Wand              |       |     1 |    14 |     5 |     9 ||    29
  Use: Scroll            |       |     4 |     7 |    11 |     1 ||    23
       Potion            |       |       |       |     1 |       ||     1
 Stab: Sleeping          |     1 |     4 |     3 |     8 |       ||    16
       Distracted        |       |     2 |       |       |       ||     2
Armor: Leather armour    |       |    11 |     5 |       |       ||    16
       Troll leather arm |       |       |    12 |    26 |       ||    38
       Ring mail         |       |       |       |     6 |     5 ||    11
Dodge: Dodged            |     7 |    54 |    74 |   227 |    42 ||   404

Levels and vault maps discovered:
D:1:      scummos_arrival_forest, layout_basic,
          hellmonk_ecumenical_altar_dog_temple, serial_shops, shop
D:2:      layout_loops_ring, corner_web_ring, minmay_misc_feat_diagonals
D:3:      layout_loops_ring, nicolae_ru_sacrificial_ziggurat, uniq_grinder,
          uniq_ijyb, uniq_jessica
D:4:      minmay_wonky_spiral, layout_basic, nicolae_uskayaw_suspiria,
          mainiacjoe_overflow_catwalk, portal_sewer_entry_c
D:5:      layout_gridville, grunt_dithmenos_smoke_and_mirrors,
          serial_co_window_serial, co_window_of_opportunity_a,
          co_window_cross_1, co_window_paths_a, co_window_of_opportunity_a,
          co_window_paths_a, co_window_cross_1, co_window_corner_a,
          co_window_broadway_a, co_window_of_opportunity_c, co_window_corner_b,
          co_window_cross_2, co_window_2corner, co_window_paths_e, serial_shops,
          nicolae_shop_temple_entry_statues_fountains, shop, shop,
          nicolae_ossuary_entry_catacombs, minmay_manual_mail
D:6:      minmay_polygon_palace, layout_cave_pods, yredelemnul_altar_generic,
          vehumet_crystals, mainiacjoe_overflow_big_doors,
          minmay_temple_entry_sparse_star, serial_shops,
          nicolae_shop_bloodbath_and_beyond, uniq_sigmund, uniq_eustachio,
          uniq_edmund
D:7:      layout_basic, mainiacjoe_overflow_alcove_4, minmay_manual_mess,
          uniq_duvessa
D:8:      layout_cave_pools, minmay_fractal_squares_gapless_5, uniq_harold,
          uniq_joseph
D:9:      layout_long_grid, tso_altar, hellmonk_bongcloud_opening
D:10:     layout_gridville, minmay_orc_entry_temple_small,
          minmay_strange_pillars, serial_nicolae_subway,
          nicolae_sub_station_stone, nicolae_sub_station_crystal,
          nicolae_sub_station_metal
D:11:     layout_loops_ring, lair_entry_dummy
Temple:   nicolae_temple_hex_pool
Lair:1:   hellmonk_ruined_rings, layout_loops_ring, serial_bayou_pond_c
Lair:2:   layout_roguey, chequers_serial_rivers_micro_a, grunt_megastairs_4,
          uniq_erica, uniq_sonja
Lair:3:   layout_chaotic_city, basic_altar, minivault_11, serial_bayou_lake_a,
          infiniplex_staircase_pool
Lair:4:   layout_loops_ring, minmay_swamp_entry_reptiles, spider_nest_entry_webs
Lair:5:   layout_roguey, slime_altar_1, portal_ice_cave_entry_imps,
          pf_torpor_hydra, uniq_urug
IceCv:    ice_cave_hellmonk_azure_passage

Notes
Turn   | Place    | Note
-------+----------+-------------------------------------------
     0 | D:1      | spicyDoesTourney the Tengu Earth Elementalist began the
                  | quest for the Orb.
     0 | D:1      | Reached XP level 1. HP: 10/10 MP: 4/4
    64 | D:1      | Found Reoc's Magic Scroll Shop.
   323 | D:1      | Reached XP level 2. HP: 9/15 MP: 3/6
   570 | D:1      | Reached skill level 1 in Short Blades
   618 | D:1      | Found a faded altar of an unknown god.
   704 | D:1      | Reached skill level 3 in Dodging
  1241 | D:2      | Reached XP level 3. HP: 19/19 MP: 7/7
  1268 | D:2      | Reached skill level 2 in Short Blades
  1405 | D:2      | Reached XP level 4. HP: 24/24 MP: 8/8
  1429 | D:2      | Identified the amulet of the Duchess {Faith *Slow rPois
                  | Int+4 Slay+2}
  1892 | D:2      | Reached skill level 4 in Dodging
  2175 | D:1      | Bought a scroll of noise for 10 gold pieces
  2175 | D:1      | Bought a scroll of teleportation for 30 gold pieces
  2175 | D:1      | Bought a scroll of identify for 20 gold pieces
  2271 | D:3      | Noticed Jessica
  2275 | D:3      | Killed Jessica
  2276 | D:3      | Reached skill level 3 in Short Blades
  2276 | D:3      | Gained mutation: Your magical nature lets you fly swiftly
                  | and evasively. [Tengu growth]
  2276 | D:3      | Reached XP level 5. HP: 13/28 MP: 9/9
  2620 | D:3      | Noticed Grinder
  2729 | D:3      | Noticed Ijyb
  2737 | D:3      | Killed Ijyb
  2738 | D:3      | Reached skill level 4 in Short Blades
  2876 | D:3      | Found a sacrificial altar of Ru.
  3624 | D:4      | Reached XP level 6. HP: 18/32 MP: 8/10
  3777 | D:4      | Identified the +10 quarterstaff of Humaynn {pain, Str+3}
  3787 | D:4      | Found a glowing drain.
  3810 | Sewer    | Entered a sewer
  3927 | Sewer    | Reached skill level 1 in Staves
  3946 | Sewer    | Reached skill level 2 in Staves
  3946 | Sewer    | Reached skill level 1 in Necromancy
  4273 | D:4      | Found a hide-covered altar of Uskayaw.
  4284 | D:4      | Found an ornate altar of the Wu Jian Council.
  4296 | D:4      | Reached skill level 3 in Staves
  4445 | D:1      | Bought a scroll of fog for 20 gold pieces
  4445 | D:1      | Bought a scroll of magic mapping for 35 gold pieces
  4521 | D:5      | Entered Level 5 of the Dungeon
  4538 | D:5      | Noticed a wraith
  4660 | D:5      | Reached skill level 2 in Necromancy
  4660 | D:5      | Reached XP level 7. HP: 32/36 MP: 11/11
  4724 | D:5      | Reached skill level 4 in Staves
  4817 | D:5      | Killed a wraith
  4818 | D:5      | Reached skill level 3 in Necromancy
  4825 | D:5      | Reached skill level 5 in Staves
  4851 | D:5      | Found Woschun's Magic Scroll Shop.
  4862 | D:5      | Reached XP level 8. HP: 38/41 MP: 8/12
  4904 | D:5      | Reached skill level 4 in Necromancy
  4912 | D:5      | Reached skill level 6 in Staves
  4918 | D:5      | Found a sand-covered staircase.
  4996 | Ossuary  | Entered an ossuary
  5061 | Ossuary  | Reached skill level 7 in Staves
  5248 | D:5      | Bought a scroll of identify for 26 gold pieces
  5412 | D:6      | Found a staircase to the Ecumenical Temple.
  5437 | Temple   | Entered the Ecumenical Temple
  5535 | Temple   | Became a worshipper of Kikubaaqudgha
  5621 | D:6      | Noticed Eustachio
  5706 | D:6      | Reached skill level 8 in Staves
  5801 | D:5      | Found Wivoohoh's Magic Scroll Shop.
  5876 | D:5      | Found a shadowy altar of Dithmenos.
  5890 | D:5      | Noticed a troll
  5903 | D:5      | Killed a troll
  5904 | D:5      | Reached skill level 5 in Dodging
  5904 | D:5      | Reached XP level 9. HP: 38/45 MP: 10/13
  5968 | D:5      | Reached skill level 9 in Staves
  6319 | D:5      | Found Qonej's Assorted Antiques.
  6897 | D:6      | Found a bloodstained altar of Trog.
  6908 | D:6      | Found a radiant altar of Vehumet.
  6917 | D:6      | Found a hazy altar of Hepliaklqana.
  7009 | D:6      | Noticed Sigmund
  7053 | D:6      | Found a basalt altar of Yredelemnul.
  7058 | D:6      | Identified the ring of Peace {*Slow rPois Will+ MP+9}
  7088 | D:6      | Noticed Edmund
  7106 | D:6      | Found Ylenoegh's Weapon Shoppe.
  7262 | D:5      | Bought a viscous sapphire potion for 16 gold pieces
  7262 | D:5      | Bought a scroll labelled FIAHIKHEQY for 18 gold pieces
  7262 | D:5      | Bought a pink potion for 16 gold pieces
  7314 | D:6      | Killed Sigmund
  7315 | D:6      | Reached skill level 6 in Dodging
  7397 | D:6      | Reached skill level 10 in Staves
  7544 | D:5      | Bought a scroll labelled ONUINO WULUE for 18 gold pieces
  7745 | D:6      | Reached * piety under Kikubaaqudgha
  7745 | D:6      | Received a gift from Kikubaaqudgha
  7748 | D:6      | Learned a level 1 spell: Animate Skeleton
  7750 | D:6      | Learned a level 1 spell: Pain
  7794 | D:6      | Learned a level 3 spell: Vampiric Draining
  7873 | D:6      | Reached skill level 7 in Dodging
  7938 | D:6      | Reached skill level 11 in Staves
  7943 | D:6      | Reached XP level 10. HP: 43/50 MP: 12/14
  8023 | D:6      | Reached skill level 5 in Necromancy
  8343 | D:3      | Killed Grinder
  9087 | D:6      | Killed Edmund
  9135 | D:6      | Reached ** piety under Kikubaaqudgha
  9732 | D:7      | Reached skill level 12 in Staves
  9914 | D:7      | Noticed Dowan
  9914 | D:7      | Noticed Duvessa
  9917 | D:7      | Reached skill level 8 in Dodging
  9992 | D:6      | Killed Eustachio
 10052 | D:7      | Killed Duvessa
 10270 | D:8      | Identified the +7 falchion "Xiepughi" {vorpal, rN+ Will+
                  | Stlth+}
 10278 | D:8      | Noticed Joseph
 10570 | D:8      | Reached *** piety under Kikubaaqudgha
 10570 | D:8      | Received a gift from Kikubaaqudgha
 10576 | D:8      | Learned a level 4 spell: Dispel Undead
 10581 | D:8      | Learned a level 4 spell: Animate Dead
 10688 | D:8      | Reached skill level 13 in Staves
 10737 | D:8      | Killed Joseph
 10843 | D:8      | Noticed Harold
 12289 | D:9      | Reached XP level 11. HP: 50/54 MP: 6/15
 12579 | D:9      | Found a glowing golden altar of the Shining One.
 12663 | D:10     | Entered Level 10 of the Dungeon
 12664 | D:10     | Found a transporter.
 12666 | D:10     | Found a transporter.
 12684 | D:10     | Reached skill level 14 in Staves
 12744 | D:10     | Found a transporter.
 12744 | D:10     | Found a transporter.
 12765 | D:10     | Found a transporter.
 12765 | D:10     | Found a transporter.
 13026 | D:10     | Reached skill level 3 in Spellcasting
 13110 | D:10     | Noticed a skeletal warrior
 13110 | D:10     | Noticed a skeletal warrior
 13115 | D:10     | Noticed a death knight
 13297 | D:10     | Found a staircase to the Orcish Mines.
 13624 | D:11     | Noticed a manticore
 13785 | D:11     | Noticed a cyclops
 13827 | D:11     | Reached **** piety under Kikubaaqudgha
 13912 | D:6      | Bought the +7 hand crossbow of Causality {freeze, rElec
                  | rCorr Str+5} for 785 gold pieces
 14087 | D:11     | Found a staircase to the Lair.
 14095 | D:11     | Noticed a boulder beetle
 14116 | D:11     | Killed a boulder beetle
 14117 | D:11     | Reached skill level 1 in Fighting
 14117 | D:11     | Reached skill level 3 in Stealth
 14117 | D:11     | Reached skill level 6 in Necromancy
 14153 | D:11     | Killed a manticore
 14214 | Lair:1   | Entered Level 1 of the Lair of Beasts
 14245 | Lair:1   | Reached skill level 2 in Fighting
 14275 | Lair:1   | Reached skill level 4 in Spellcasting
 14316 | Lair:1   | Reached skill level 9 in Dodging
 14476 | Lair:1   | Reached skill level 3 in Fighting
 14506 | Lair:1   | Reached skill level 7 in Necromancy
 14590 | Lair:1   | Reached skill level 5 in Spellcasting
 14595 | Lair:1   | Identified the +1 ring mail of the Postmodern Songs {Str+5
                  | Dex+3}
 14642 | Lair:1   | Noticed a seven-headed hydra
 14661 | Lair:1   | Reached XP level 12. HP: 49/64 MP: 17/20
 14674 | Lair:1   | Killed a seven-headed hydra
 15065 | Lair:1   | Reached skill level 1 in Crossbows
 15065 | Lair:1   | Reached skill level 10 in Dodging
 15464 | Lair:1   | Noticed a four-headed hydra
 15485 | Lair:1   | Killed a four-headed hydra
 15486 | Lair:1   | Reached skill level 2 in Crossbows
 15486 | Lair:1   | Reached skill level 8 in Necromancy
 15648 | Lair:2   | Noticed Erica
 15656 | Lair:2   | Killed Erica
 15817 | Lair:2   | Reached skill level 6 in Spellcasting
 15827 | Lair:2   | Noticed a boulder beetle
 15836 | Lair:2   | Killed a boulder beetle
 15836 | Lair:2   | Reached ***** piety under Kikubaaqudgha
 16232 | Lair:2   | Reached skill level 3 in Crossbows
 16375 | Lair:2   | Noticed Sonja
 16377 | Lair:2   | Killed Sonja
 16378 | Lair:2   | Reached skill level 9 in Necromancy
 16603 | Lair:2   | Reached skill level 4 in Fighting
 17182 | Lair:3   | Noticed a seven-headed hydra
 17215 | Lair:3   | Killed a seven-headed hydra
 17216 | Lair:3   | Reached skill level 1 in Ice Magic
 17359 | Lair:3   | Found a blossoming altar of Fedhas.
 17594 | Lair:3   | Reached skill level 4 in Crossbows
 18113 | Lair:4   | Reached XP level 13. HP: 72/72 MP: 23/23
 18233 | Lair:4   | Found a hole to the Spider Nest.
 18272 | Lair:4   | Reached skill level 11 in Dodging
 18490 | D:5      | Bought a shiny glass wand for 72 gold pieces
 18757 | Lair:4   | Reached skill level 10 in Necromancy
 18759 | Lair:4   | Reached skill level 2 in Ice Magic
 19139 | Lair:4   | Reached skill level 5 in Fighting
 19143 | Lair:4   | Found a staircase to the Swamp.
 19386 | Lair:5   | Found a frozen archway.
 19666 | Lair:5   | Learned a level 5 spell: Borgnjor's Vile Clutch
 19670 | IceCv    | Entered an ice cave
 19930 | IceCv    | Reached skill level 7 in Spellcasting
 19951 | IceCv    | Reached skill level 5 in Crossbows
 20179 | IceCv    | HP: 7/72 [entropy weaver simulacrum (8)]
 20179 | IceCv    | HP: 2/72 [entropy weaver simulacrum (5)]
 20179 | IceCv    | Mangled by an entropy weaver simulacrum

Vanquished Creatures
  2 hydras
  2 boulder beetles
  Erica (Lair:2)
  Sonja (Lair:2)
  A manticore (D:11)
  3 black mambas
  An ice statue (IceCv)
  Joseph (D:8)
  2 unseen horrors
  5 cane toads
  10 komodo dragons
  An entropy weaver simulacrum (IceCv)
  A freezing wraith (D:10)
  3 trolls
  A polar bear (Lair:3)
  4 blink frogs (Lair:4)
  Grinder (D:3)
  10 slime creatures (IceCv)
  2 shadows
  2 basilisks (Lair:2)
  Sigmund (D:6)
  Eustachio (D:6)
  A wraith (D:5)
  22 yaks
  4 steam dragons
  A wyvern (Lair:2)
  2 redbacks (Lair:4)
  Edmund (D:6)
  Duvessa (D:7)
  13 water moccasins
  2 orc warriors
  A swamp drake (Lair:4)
  3 ice beasts
  A black bear (D:6)
  16 wolves
  2 centaurs
  4 ogres
  A phantom (D:6)
  2 kobold brigands (Sewer)
  9 bullfrogs
  2 wyvern zombies
  2 glowing shapeshifter simulacra (IceCv)
  A gnoll sergeant (D:9)
  6 scorpions
  4 water moccasin zombies
  An elf skeleton (D:5)
  3 water moccasin skeletons
  15 killer bees
  7 wights
  4 electric eels (Lair:3)
  3 hounds (D:6)
  2 centaur zombies (D:8)
  5 bullfrog zombies (D:6)
  3 jellies
  9 orc priests
  A gnoll shaman (D:4)
  Ijyb (D:3)
  A scorpion zombie (D:5)
  Jessica (D:3)
  5 iguanas
  A human skeleton (D:5)
  6 orc wizards
  3 killer bee zombies
  2 mummies (Ossuary)
  8 gnolls
  A howler monkey skeleton (D:6)
  7 adders
  A river rat (D:4)
  14 white imps
  An ufetubus (D:6)
  3 adder zombies (Ossuary)
  3 worms
  2 dart slugs (D:2)
  24 orcs
  4 endoplasms
  5 giant cockroaches
  3 gnoll zombies (Ossuary)
  6 goblins
  9 hobgoblins
  4 jackals (D:1)
  3 quokkas
  9 ball pythons
  5 bats
  4 frilled lizards
  6 hobgoblin zombies (Ossuary)
  13 kobolds
  4 kobold zombies (Ossuary)
  4 orc skeletons (D:5)
  5 orc zombies (Ossuary)
  12 rats
390 creatures vanquished.

Vanquished Creatures (collateral kills)
  A hydra (Lair:1)
1 creature vanquished.

Vanquished Creatures (others)
  11 fungi
  28 plants
39 creatures vanquished.

Grand Total: 430 creatures vanquished

Table legend: (Time is in decaauts)
 A = Elapsed time spent in this place.
 B = Non-inter-level travel time spent in this place.
 C = Inter-level travel time spent in this place.
 D = Time resting spent in this place.
 E = Time spent auto-exploring this place.
 F = Levels seen in this place.
 G = Mean time per level.
                   A        B        C        D        E       F      G
               +--------+--------+--------+--------+--------+-----+--------+
         Total |  18953 |  16887 |   2066 |   2443 |  10308 |  20 |  947.7 |
       Dungeon |  12906 |  11123 |   1783 |   1599 |   7031 |  11 | 1173.3 |
        Temple |    108 |     72 |     36 |      0 |     61 |   1 |  108.0 |
          Lair |   4815 |   4568 |    247 |    483 |   3099 |   5 |  963.0 |
         Sewer |    409 |    409 |      0 |     68 |    115 |   1 |  409.0 |
       Ossuary |    221 |    221 |      0 |     18 |      0 |   1 |  221.0 |
      Ice Cave |    490 |    490 |      0 |    274 |      0 |   1 |  490.0 |
               +--------+--------+--------+--------+--------+-----+--------+

Top non-repeatable levels by time:
     D:6: 1997 daAuts
     D:5: 1818 daAuts
     D:9: 1595 daAuts
  Lair:1: 1330 daAuts
     D:3: 1322 daAuts
     D:1: 1264 daAuts
  Lair:2: 1258 daAuts
  Lair:3: 1142 daAuts
     D:4: 1034 daAuts
  Lair:4: 1029 daAuts
     D:2: 1018 daAuts
    D:10: 902 daAuts
     D:8: 862 daAuts
    D:11: 553 daAuts
     D:7: 536 daAuts

Table legend:
 A = Non-vault XP
 B = Vault XP
 C = Vault XP percentage of total XP
 D = Non-vault monster count
 E = Vault monster count
 F = Vault count percentage of total count
                 A         B        C        D         E       F
            +---------+---------+-------+---------+---------+-------
      Total |   29720 |   10555 |  26.2 |     240 |     151 |  38.6
            +---------+---------+-------+---------+---------+-------
        D:1 |      24 |       8 |  25.0 |      15 |       4 |  21.1
        D:2 |     106 |       0 |   0.0 |      22 |       0 |   0.0
        D:3 |      24 |     334 |  93.3 |       8 |       3 |  27.3
        D:4 |     228 |     121 |  34.7 |      14 |      12 |  46.2
        D:5 |    1108 |     501 |  31.1 |      13 |      11 |  45.8
        D:6 |    1182 |    2033 |  63.2 |      17 |      27 |  61.4
        D:7 |     722 |     147 |  16.9 |      19 |       1 |   5.0
        D:8 |     833 |     583 |  41.2 |      14 |       5 |  26.3
        D:9 |     928 |       0 |   0.0 |      17 |       0 |   0.0
       D:10 |    1473 |     130 |   8.1 |       5 |       7 |  58.3
       D:11 |    2436 |       0 |   0.0 |       9 |       0 |   0.0
     Lair:1 |    8432 |       0 |   0.0 |      29 |       0 |   0.0
     Lair:2 |    4457 |    1600 |  26.4 |      21 |       2 |   8.7
     Lair:3 |    3849 |       0 |   0.0 |      21 |       0 |   0.0
     Lair:4 |    3918 |     971 |  19.9 |      16 |       8 |  33.3
     Lair:5 |       0 |     101 | 100.0 |       0 |      10 | 100.0
      Sewer |       0 |     219 | 100.0 |       0 |      21 | 100.0
    Ossuary |       0 |     309 | 100.0 |       0 |      26 | 100.0
      IceCv |       0 |    3498 | 100.0 |       0 |      14 | 100.0
            +---------+---------+-------+---------+---------+-------
